 Dungeon Crawl Stone Soup version 0.24.0-29-g8ce449bc06 (webtiles) character file.

Game seed: 12481186991222825299, levelgen mode: deterministic

441 Delamore the Cleaver (level 7, -12/57 HPs)
             Began as a Hill Orc Fighter on Nov 14, 2019.
             Mangled by an ogre
             ... wielding a +0 giant spiked club
              (20 damage)
             ... on level 4 of the Dungeon.
             The game lasted 00:03:49 (3429 turns).

Delamore the Cleaver (Hill Orc Fighter)             Turns: 3429, Time: 00:03:50

Health: -12/57     AC: 10    Str: 21    XL:     7   Next: 2%
Magic:  7/7        EV:  7    Int:  8    God:
Gold:   164        SH:  9    Dex: 10    Spells: 6/6 levels left

rFire    + . .     SeeInvis .   a - +0 war axe
rCold    . . .     Gourm    +   c - +0 shield
rNeg     . . .     Faith    .   b - +0 scale mail
rPois    .         Spirit   .   (no helmet)
rElec    .         Reflect  .   (no cloak)
rCorr    .         Harm     .   q - +2 pair of gloves
MR       .....                  (no boots)
Stlth    ..........             v - amulet of the gourmand
HPRegen  0.19/turn              y - ring of protection from fire
MPRegen  0.10/turn              (no ring)

@: lethally poisoned (-12 -> -23)
A: no striking features
a: no special abilities


You were on level 4 of the Dungeon.
You were hungry.

You visited 1 branch of the dungeon, and saw 4 of its levels.

You collected 164 gold pieces.

Inventory:

Hand Weapons
 a - a +0 war axe (weapon)
Missiles
 r - a throwing net (quivered)
 u - 3 curare-tipped darts
Armour
 b - a +0 scale mail (worn)
 c - a +0 shield (worn)
 q - a +2 pair of gloves (worn)
Jewellery
 h - an uncursed amulet of harm
 v - an amulet of the gourmand (around neck)
 y - a ring of protection from fire (left hand)
 F - an uncursed ring of fire {unknown}
Scrolls
 g - 2 scrolls of random uselessness {unknown}
 l - 3 scrolls of magic mapping {unknown}
 m - a scroll of teleportation {unknown}
 n - 9 scrolls of identify {unknown}
 o - 2 scrolls of remove curse {unknown}
 p - a scroll of immolation {unknown}
 z - a scroll of blinking {unknown}
 B - a scroll of fear {unknown}
 D - a scroll of enchant weapon {unknown}
 E - a scroll of noise {unknown}
Potions
 d - 3 potions of might
 e - a potion of magic {unknown}
 i - a potion of resistance {unknown}
 j - a potion of mutation {unknown}
 k - 2 potions of lignification {unknown}
 s - a potion of degeneration {unknown}
 t - 2 potions of haste {unknown}
 w - 3 potions of heal wounds {unknown}
 x - 2 potions of invisibility {unknown}
 A - a potion of curing
 C - a potion of brilliance {unknown}
Comestibles
 f - 5 rations


   Skills:
 - Level 3.6 Fighting
 + Level 9.6 Axes
 - Level 3.2 Armour
 - Level 3.2 Shields


You had 6 spell levels left.
You didn't know any spells.
Your spell library was empty.

Dungeon Overview and Level Annotations

Branches:
Dungeon (4/15)
 Temple: D:4-7

Altars:
Ashenzari

Annotations:
D:3 3 runed translucent doors, Descartes's ghost, amateur VSMo


Message History

You kill the scorpion!
You have reached level 7!
You feel sick.
The ogre hits you with a +0 giant spiked club!!
* * * LOW HITPOINT WARNING * * *
* * * LOW HITPOINT WARNING * * *
You feel sick.
You barely miss the ogre.
* * * LOW HITPOINT WARNING * * *
You feel sick. The ogre hits you but does no damage.
You hit the ogre.
The ogre is lightly wounded.
* * * LOW HITPOINT WARNING * * *
You feel sick. You block the ogre's attack.
You hit the ogre.
The ogre is moderately wounded.
* * * LOW HITPOINT WARNING * * *
You feel sick.
The ogre hits you with a +0 giant spiked club!!
You die...

#).......$# #####
#.....[...###### #...#
#.......$.#....#### #.#..
#.........#..#....###.##.
#.........##.####........
#.........##.## #####.###
#.wr# #..## #.#
#.#O#####..# #.#
#.#.@....#.# #.#
#.######.#.## #.# #.
#.#..# #.# #.
#....#####.### #.
####.......... .%
#.......... #..........
#.......... #....<.....


You could see an ogre, a dart slug and a quokka.

Vanquished Creatures
  A phantom (D:4)
  A bullfrog (D:4)
  A scorpion (D:4)
  Jessica (D:2)
  Terence (D:2)
  2 worker ants (D:4)
  5 adders
  3 gnolls (D:3)
  An adder skeleton (D:4)
  2 worms
  A leopard gecko (D:4)
  5 giant cockroaches
  4 goblins
  7 hobgoblins
  11 jackals
  2 quokkas (D:4)
  5 bats
  3 frilled lizards
  7 kobolds
  4 rats
67 creatures vanquished.

Notes
Turn   | Place    | Note
-------+----------+-------------------------------------------
     0 | D:1      | Delamore the Hill Orc Fighter began the quest for the Orb.
     0 | D:1      | Reached XP level 1. HP: 19/19 MP: 1/1
    20 | D:1      | Reached skill level 3 in Axes
    30 | D:1      | Reached XP level 2. HP: 12/26 MP: 2/2
   282 | D:1      | Reached skill level 4 in Axes
   677 | D:2      | Reached XP level 3. HP: 31/31 MP: 3/3
   761 | D:2      | Reached skill level 5 in Axes
  1017 | D:2      | Noticed Jessica
  1023 | D:2      | Reached XP level 4. HP: 39/39 MP: 4/4
  1028 | D:2      | Killed Jessica
  1028 | D:2      | Reached skill level 6 in Axes
  1235 | D:2      | Noticed Terence
  1253 | D:2      | Killed Terence
  1588 | D:3      | Reached XP level 5. HP: 30/45 MP: 5/5
  1775 | D:3      | Found a runed translucent gate.
  1775 | D:3      | Found a runed translucent gate.
  1775 | D:3      | Found a runed translucent gate.
  1776 | D:3      | Noticed a big kobold
  1776 | D:3      | Noticed a big kobold
  1777 | D:3      | Noticed Descartes's ghost (amateur VSMo)
  2027 | D:3      | Found a shattered altar of Ashenzari.
  2038 | D:3      | Reached skill level 7 in Axes
  3031 | D:4      | Noticed a phantom
  3037 | D:4      | Reached skill level 8 in Axes
  3037 | D:4      | Reached XP level 6. HP: 39/51 MP: 6/6
  3093 | D:4      | Killed a phantom
  3348 | D:4      | Reached skill level 9 in Axes
  3425 | D:4      | Reached XP level 7. HP: 33/57 MP: 7/7
  3429 | D:4      | Mangled by an ogre

Levels and vault maps discovered:
D:1:      tarquinn_simple_flora_water_d, layout_rooms, serial_glass,
          glass_columns_a, glass_columns_a, feat_on_display, due_unseen_surprise
D:2:      layout_basic, uniq_terence, uniq_jessica
D:3:      layout_basic, ashenzari_conservatory_becter,
          gammafunk_ghost_nasty_kobolds
D:4:      minmay_clustersquares, layout_rooms

Skill      XL: |  1  2  3  4  5  6 |
---------------+-------------------+-----
Axes           | 3 4 5 6 8 9 |  9.6
Fighting       | |  3.6
Armour         | |  3.2
Shields        | |  3.2

Action                   |  1- 3 |  4- 6 |  7- 9 || total
-------------------------+-------+-------+-------++-------
Melee: War axe           |    87 |   160 |     3 ||   250
  Eat: Chunk             |       |     8 |       ||     8
Armor: Scale mail        |    41 |    71 |     1 ||   113
Dodge: Dodged            |    32 |    51 |       ||    83
Block: Shield            |    48 |    90 |     1 ||   139
